 Dungeon Crawl Stone Soup version 0.20.0-10-g0535bb4 (webtiles) character file.

72233 IcyNumb the Swashbuckler (level 15, -24/145 HPs)
             Began as a Kobold Hunter on June 5, 2017.
             Was the Champion of Makhleb.
             Annihilated by an ettin
             ... wielding a +0 dire flail
              (34 damage)
             ... on level 1 of the Orcish Mines.
             The game lasted 00:58:34 (22311 turns).

IcyNumb the Swashbuckler (Kobold Hunter)           Turns: 22311, Time: 00:58:35

Health: -24/145    AC: 18    Str: 17    XL:     15   Next: 85%
Magic:  19/19      EV: 16    Int: 21    God:    Makhleb [******]
Gold:   1594       SH: 15    Dex: 18    Spells: 14/14 levels left

rFire    . . .     SeeInvis .   J - +9 rapier "Keuf" {freeze, +Rage Str-2 Int+9}
rCold    + . .     Gourm    .   j - +0 shield
rNeg     . . .     Faith    .   M - +1 chain mail of Noegoj {*Drain +Blink rC+ rCorr}
rPois    .         Spirit   .   E - +0 helmet
rElec    .         Reflect  +   b - +0 cloak
rCorr    +         Harm     .   G - +0 pair of gloves
MR       ++...                  (no boots)
Stlth    ..........             A - +3 amulet of reflection
Regen    0.4/turn               Z - ring of protection from magic
MPRegen  0.2/turn               D - +2 ring of protection

@: berserking, very quick
A: carnivore 3
a: Minor Destruction, Lesser Servant of Makhleb, Major Destruction, Greater
Servant of Makhleb, Renounce Religion, Evoke Blink, Evoke Berserk Rage


You were on level 1 of the Orcish Mines.
You worshipped Makhleb.
Makhleb was exalted by your worship.
You were very full.

You visited 4 branches of the dungeon, and saw 21 of its levels.
You also visited: Sewer and Volcano.

You collected 1594 gold pieces.

Inventory:

Hand Weapons
 a - a +1 hand crossbow
 J - the +9 rapier "Keuf" (weapon) {freeze, +Rage Str-2 Int+9}
   (You found it on level 8 of the Dungeon)

   It has been specially enchanted to freeze those struck by it, causing extra
   injury to most foes and up to half again as much damage against particularly
   susceptible opponents.
   It can also slow down cold-blooded creatures.
   It affects your strength (-2).
   It affects your intelligence (+9).
   It lets you go berserk.
 S - the +7 rapier "Tirin" {flame, rN+}
   (You found it on level 10 of the Dungeon)

   It has been specially enchanted to burn those struck by it, causing extra
   injury to most foes and up to half again as much damage against particularly
   susceptible opponents.
   It protects you from negative energy.
Missiles
 d - 152 bolts
Armour
 b - a +0 cloak (worn)
 j - a +0 shield (worn)
 u - a +3 scale mail of poison resistance
 E - a +0 helmet (worn)
 G - a +0 pair of gloves (worn)
 M - the +1 chain mail of Noegoj (worn) {*Drain +Blink rC+ rCorr}
   (You found it on level 11 of the Dungeon)

   It protects you from cold.
   It lets you blink.
   It protects you from acid and corrosion.
   It causes draining when unequipped.
 N - cursed +0 fire dragon scales
Jewellery
 g - an uncursed ring of protection from cold
 m - an uncursed ring of protection from cold
 A - a +3 amulet of reflection (around neck)
 D - a +2 ring of protection (right hand)
 Z - a ring of protection from magic (left hand)
Wands
 r - a wand of acid (8/15)
 K - a wand of acid (15/15)
 L - a wand of iceblast (8/15)
 Y - a wand of flame (24/48)
Scrolls
 i - a scroll of fog
 n - 6 scrolls of recharging
 o - a scroll of brand weapon {unknown}
 q - a scroll of amnesia
 v - 7 scrolls of teleportation
 x - 5 scrolls of remove curse
 y - 4 scrolls of magic mapping
 B - 2 scrolls of vulnerability {unknown}
 F - a scroll of fear
 Q - a scroll of blinking {unknown}
 T - 7 scrolls of identify
 X - a scroll of acquirement {unknown}
Potions
 e - a potion of heal wounds
 h - 9 potions of curing {unknown}
 k - 2 potions of might
 l - 2 potions of magic {unknown}
 p - 2 potions of lignification {unknown}
 s - 2 potions of berserk rage {unknown}
 w - 3 potions of ambrosia {unknown}
 z - 4 potions of mutation {unknown}
 C - 4 potions of haste {unknown}
 H - 2 potions of resistance {unknown}
 I - 5 potions of flight {unknown}
 O - a potion of brilliance
 V - a potion of agility {unknown}
Miscellaneous
 c - a phial of floods
Comestibles
 f - 8 meat rations
 t - 25 royal jellies
 P - 3 chunks of flesh


   Skills:
 * Level 12.3 Fighting
 + Level 17.9 Short Blades
 - Level 5.6 Crossbows
 * Level 9.3 Armour
 + Level 12.6 Dodging
 - Level 1.3 Stealth
 * Level 9.5 Shields
 - Level 6.0 Evocations


You had 14 spell levels left.
You didn't know any spells.

Dungeon Overview and Level Annotations

Branches:
Dungeon (13/15)            Temple (1/1) D:5            Lair (6/6) D:10
  Swamp (0/4) Lair:3        Snake (0/4) Lair:3          Orc (1/2) D:11
  Slime: Lair:5-6    Vaults: D:13-14

Altars:
Ashenzari
Cheibriados
Dithmenos
Elyvilon
Fedhas
Gozag
Hepliaklqana
Kikubaaqudgha
Makhleb
Nemelex Xobeh
Okawaru
Qazlal
Ru
Sif Muna
Trog
Uskayaw
Vehumet
Xom
Yredelemnul
Zin
The Shining One
Lugonu

Shops:
D:5 *   D:7 *   D:11 (   D:12 (

Annotations:
Lair:4 exclusion: 2 oklob plants
Lair:5 exclusion: 2 oklob plants


Innate Abilities, Weirdness & Mutations

You are small and have problems with some larger weapons.
You are carnivorous and can eat meat at any time.


Message History

You barely miss the ettin.
The ettin is heavily wounded.
The orc warrior hits you but does no damage.
You puncture the ettin! You freeze the ettin.
The ettin is severely wounded.
You block the ettin's attack. The ettin hits you with a dire flail!
* * * LOW HITPOINT WARNING * * *
You hit the ettin. You freeze the ettin.
The ettin is almost dead.
You block the orc warrior's attack.
You barely miss the ettin.
The ettin is almost dead.
The ettin hits you with a dire flail.
* * * LOW HITPOINT WARNING * * *
The ettin hits you but does no damage.
A red film seems to cover your vision as you go berserk!
You feel yourself moving faster!
You feel mighty! You block the orc warrior's attack.
The ettin hits you but does no damage. The ettin hits you with a dire flail!!
You die...

###....#....###
##....#.....#
###.........
##.#...#.
##.....##
#.$...#.#.
##.#.......
#..)#......
#...#@........
##..#Co......#
#.. ..........
...............
................
.#......>......
..#..........
#.#...........


You could see an ettin and an orc warrior.

Vanquished Creatures
  A fire giant (D:10)
  Nessos (Lair:4)
  An ettin (Orc:1)
  A red draconian (Volcano)
  A fire dragon (Lair:6)
  Snorg (D:9)
  8 hydras
  Fannar (Lair:1)
  9 two-headed ogres
  A catoblepas (Lair:6)
  2 centaur warriors (D:13)
  An ogre mage (Volcano)
  6 death yaks
  Sonja (Lair:4)
  2 unseen horrors
  3 lindwurms (Lair:6)
  A wolf spider (Lair:6)
  2 ugly things
  A manticore (D:13)
  9 elephants
  A centaur zombie (D:10)
  2 black mambas
  4 gargoyles
  A molten gargoyle (Volcano)
  13 spiny frogs
  5 torpor snails (Lair:6)
  A centaur skeleton (D:12)
  4 rime drakes
  A tengu conjurer (D:13)
  6 komodo dragons
  A queen bee (Lair:3)
  3 trolls
  24 blink frogs
  4 tyrant leeches (Lair:6)
  9 dream sheep (Lair:6)
  8 hornets
  7 hippogriffs
  Prince Ribbit (D:7)
  A wraith (D:10)
  28 yaks
  7 fire bats
  3 basilisks
  4 hungry ghosts
  Edmund (D:5)
  2 hell hounds (Lair:4)
  7 porcupines
  16 water moccasins
  Purgy (Sewer)
  6 orc warriors
  5 ogres
  4 phantoms
  A swamp drake (Lair:3)
  2 ice beasts
  2 black bears
  A necrophage (D:4)
  A sky beast (D:10)
  An eye of draining (D:11)
  26 wolves
  3 centaurs
  15 crocodiles
  15 bullfrogs
  2 gnoll sergeants
  2 scorpions
  A troll zombie (D:11)
  39 killer bees
  7 wights
  7 crimson imps
  4 lava snakes (Volcano)
  3 quasits
  4 bullfrog zombies
  8 hounds
  5 jellies
  6 orc priests
  2 bullfrog skeletons
  Terence (D:2)
  An iguana (D:7)
  9 orc wizards
  2 hell rats (D:10)
  12 worker ants
  A killer bee zombie (D:10)
  5 ogre zombies (D:11)
  2 hound zombies (D:5)
  A hound skeleton (D:10)
  4 worker ant zombies
  12 gnolls
  3 river rats
  14 adders
  2 shadow imps
  An ooze (D:1)
  An adder zombie (D:7)
  An adder skeleton (D:9)
  7 worms
  3 dart slugs
  6 leopard geckos
  33 orcs
  4 ball pythons
  10 bats
  5 giant cockroaches
  14 goblins
  8 hobgoblins
  13 jackals
  7 kobolds
  6 quokkas
  2 frilled lizards
  A goblin skeleton (D:11)
  5 goblin zombies (D:11)
  2 hobgoblin skeletons (D:11)
  2 hobgoblin zombies (D:11)
  A leopard gecko zombie (D:7)
  An orc skeleton (D:11)
  8 orc zombies (D:11)
  14 rats
614 creatures vanquished.

Vanquished Creatures (others)
  A centaur (D:13)
  An orc (D:10)
  A bush (Lair:6)
  11 fungi
  16 plants (Lair:6)
30 creatures vanquished.

Grand Total: 644 creatures vanquished

Notes
Turn   | Place    | Note
-------+----------+-------------------------------------------
     0 | D:1      | IcyNumb the Kobold Hunter began the quest for the Orb.
     0 | D:1      | Reached XP level 1. HP: 12/12 MP: 1/1
   108 | D:1      | Reached skill level 5 in Crossbows
   158 | D:1      | Reached XP level 2. HP: 16/17 MP: 2/2
   769 | D:1      | Reached skill level 1 in Short Blades
   769 | D:1      | Reached XP level 3. HP: 21/21 MP: 3/3
   813 | D:1      | Reached skill level 2 in Short Blades
  1453 | D:2      | Found a shattered altar of Ashenzari.
  1459 | D:2      | Reached skill level 3 in Short Blades
  1459 | D:2      | Reached XP level 4. HP: 26/26 MP: 4/4
  1756 | D:2      | Noticed Terence
  1777 | D:2      | Killed Terence
  1777 | D:2      | Reached skill level 4 in Short Blades
  2084 | D:2      | Reached XP level 5. HP: 26/30 MP: 5/5
  2520 | D:3      | You fall through a shaft!
  2691 | D:3      | Reached skill level 5 in Short Blades
  2717 | D:3      | Found a glowing drain.
  2730 | Sewer    | Entered a sewer
  2935 | Sewer    | Noticed Purgy
  2948 | Sewer    | Killed Purgy
  2948 | Sewer    | Reached skill level 6 in Short Blades
  2948 | Sewer    | Reached XP level 6. HP: 9/35 MP: 6/6
  3469 | D:3      | Reached skill level 7 in Short Blades
  4274 | D:5      | Entered Level 5 of the Dungeon
  4276 | D:5      | Reached XP level 7. HP: 28/40 MP: 7/7
  4376 | D:5      | Reached skill level 1 in Armour
  4516 | D:5      | Found a staircase to the Ecumenical Temple.
  4530 | Temple   | Entered the Ecumenical Temple
  4559 | Temple   | Became a worshipper of Makhleb the Destroyer
  4710 | D:5      | Reached skill level 8 in Short Blades
  4784 | D:5      | Noticed Edmund
  5044 | D:5      | Reached XP level 8. HP: 46/46 MP: 8/8
  5051 | D:5      | Killed Edmund
  5082 | D:5      | Found Ymurek's Serpentskin Sales.
  5388 | D:4      | Reached skill level 1 in Shields
  5413 | D:4      | Found a shadowy altar of Dithmenos.
  5472 | D:4      | Reached skill level 9 in Short Blades
  5562 | D:4      | Noticed a moth of wrath
  5565 | D:4      | Found a bloodstained altar of Trog.
  6342 | D:6      | Found an ancient bone altar of Kikubaaqudgha.
  6347 | D:6      | Found a sparkling altar of Nemelex Xobeh.
  6473 | D:6      | Reached skill level 5 in Dodging
  6477 | D:6      | Found a basalt altar of Yredelemnul.
  6482 | D:6      | Found a glowing golden altar of the Shining One.
  6484 | D:6      | Noticed an angel
  6658 | D:6      | Reached XP level 9. HP: 51/51 MP: 9/9
  6964 | D:7      | Reached * piety under Makhleb
  6983 | D:7      | Reached skill level 10 in Short Blades
  7065 | D:7      | Found a deep blue altar of Sif Muna.
  7065 | D:7      | Found a hide-covered altar of Uskayaw.
  7066 | D:7      | Found a shimmering altar of Xom.
  7071 | D:7      | Found a sacrificial altar of Ru.
  7135 | D:7      | Found Ibriegas's General Store.
  7219 | D:7      | Noticed a hippogriff
  7231 | D:7      | Killed a hippogriff
  7231 | D:7      | Reached skill level 5 in Fighting
  7245 | D:7      | Noticed Prince Ribbit
  7253 | D:7      | Killed Prince Ribbit
  7713 | D:8      | Got a sapphire rapier
  7714 | D:8      | Identified the +9 rapier "Keuf" {freeze, +Rage Str-2 Int+9} (You found it on level 8 of the Dungeon)
  8083 | D:8      | Reached skill level 11 in Short Blades
  8281 | D:9      | Reached skill level 1 in Evocations
  8321 | D:9      | Reached XP level 10. HP: 58/58 MP: 10/10
  8355 | D:9      | Reached ** piety under Makhleb
  8462 | D:9      | Found a snail-covered altar of Cheibriados.
  8502 | D:9      | Found a stormy altar of Qazlal.
  8884 | D:10     | Entered Level 10 of the Dungeon
  8976 | D:10     | Got an iridescent rapier
  8977 | D:10     | Identified the +7 rapier "Tirin" {flame, rN+} (You found it on level 10 of the Dungeon)
  9087 | D:10     | Noticed a two-headed ogre
  9095 | D:10     | Killed a two-headed ogre
  9095 | D:10     | Reached skill level 12 in Short Blades
  9153 | D:10     | Noticed a death yak
  9154 | D:10     | Noticed a two-headed ogre
  9167 | D:10     | Reached *** piety under Makhleb
  9186 | D:10     | Noticed a death yak
  9187 | D:10     | Noticed a fire giant
  9187 | D:10     | Noticed a death yak
  9203 | D:10     | Killed a death yak
  9212 | D:10     | Killed a death yak
  9212 | D:10     | Reached XP level 11. HP: 65/65 MP: 13/13
  9218 | D:10     | Killed a death yak
  9337 | D:10     | Noticed Snorg
  9371 | D:9      | Killed Snorg
  9371 | D:9      | Reached skill level 13 in Short Blades
  9556 | D:10     | HP: 4/99 [fire giant/the +7 great mace "Firestarter" {inner flame, rF++} (1)]
  9560 | D:10     | Killed a fire giant
  9560 | D:10     | Reached skill level 5 in Armour
  9560 | D:10     | Reached skill level 5 in Evocations
  9812 | D:10     | Killed a two-headed ogre
  9812 | D:10     | Reached skill level 5 in Shields
  9823 | D:10     | Noticed a two-headed ogre
  9832 | D:10     | Killed a two-headed ogre
  9898 | D:10     | Reached XP level 12. HP: 56/72 MP: 16/16
  9969 | D:10     | Found a staircase to the Lair.
 10268 | D:10     | Found a blossoming altar of Fedhas.
 10348 | D:10     | Reached skill level 14 in Short Blades
 10564 | Lair:1   | Entered Level 1 of the Lair of Beasts
 10577 | D:10     | Reached **** piety under Makhleb
 11190 | Lair:1   | Noticed Fannar
 11214 | Lair:1   | Killed Fannar
 11264 | Lair:1   | Reached skill level 15 in Short Blades
 11672 | Lair:2   | Reached XP level 13. HP: 59/79 MP: 17/17
 11782 | Lair:2   | Reached skill level 10 in Dodging
 11813 | Lair:2   | Found a shattered altar of Ashenzari.
 12452 | Lair:3   | Reached ***** piety under Makhleb
 12532 | Lair:3   | Found a staircase to the Snake Pit.
 12548 | Lair:3   | Found a stormy altar of Qazlal.
 12552 | Lair:3   | Found a staircase to the Swamp.
 12771 | Lair:3   | Noticed a six-headed hydra
 12842 | Lair:3   | Killed a six-headed hydra
 12842 | Lair:3   | Reached skill level 16 in Short Blades
 13739 | Lair:4   | Noticed Sonja
 13744 | Lair:4   | Killed Sonja
 13798 | Lair:4   | Noticed Nessos
 13818 | Lair:4   | Killed Nessos
 14111 | Lair:4   | Found a dark tunnel.
 14118 | Volcano  | Entered a volcano
 14252 | Volcano  | Reached skill level 10 in Fighting
 14434 | Volcano  | Found a radiant altar of Vehumet.
 14450 | Volcano  | Reached XP level 14. HP: 87/87 MP: 18/18
 14470 | Volcano  | Noticed a red draconian
 14492 | Volcano  | Killed a red draconian
 15048 | Lair:5   | Reached skill level 17 in Short Blades
 15894 | Lair:6   | Entered Level 6 of the Lair of Beasts
 17012 | Lair:6   | Found a runed door.
 17021 | Lair:6   | Reached ****** piety under Makhleb
 17185 | Lair:6   | Reached XP level 15. HP: 91/94 MP: 19/19
 18512 | Lair:6   | HP: 4/96 [fire dragon/blast of flame (42)]
 19079 | D:11     | Found Muzxutei's Weapon Shoppe.
 19340 | D:11     | Found a staircase to the Orcish Mines.
 19839 | D:11     | Got a spiked chain mail
 19850 | D:11     | Identified the +1 chain mail of Noegoj {*Drain +Blink rC+ rCorr} (You found it on level 11 of the Dungeon)
 20108 | D:12     | Found Anomefy's Weapon Shop.
 22174 | Orc:1    | Entered Level 1 of the Orcish Mines
 22311 | Orc:1    | Annihilated by an ettin

Skill      XL: |  1  2  3  4  5  6  7  8  9 10 11 12 13 14 15 |
---------------+----------------------------------------------+-----
Crossbows      | 5 |  5.6
Short Blades   | 1 3 4 6 7 8 9 11 12 13 15 16 17 | 17.9
Dodging        | 3 5 6 7 8 9 11 12 | 12.6
Armour         | 1 2 3 4 5 6 7 8 9 |  9.3
Fighting       | 3 4 5 6 7 8 10 11 12 | 12.3
Shields        | 1 3 4 5 6 7 8 9 |  9.5
Evocations     | 1 3 5 6 |  6.0
Stealth        | |  1.3

Action                   |  1- 3 |  4- 6 |  7- 9 | 10-12 | 13-15 || total
-------------------------+-------+-------+-------+-------+-------++-------
Melee: Short sword       |    55 |   185 |   277 |       |       ||   517
       Rapier            |       |       |    15 |   528 |  1573 ||  2116
 Fire: Hand crossbow     |    33 |     2 |       |       |       ||    35
 Abil: Evoke Berserk Rag |       |       |       |     5 |     3 ||     8
  Use: Scroll            |       |     6 |    11 |     1 |       ||    18
       Potion            |       |     1 |     1 |       |     2 ||     4
 Stab: Distracted        |     1 |       |       |       |       ||     1
       Petrifying        |       |       |       |       |     3 ||     3
  Eat: Chunk             |    10 |     9 |    11 |    18 |    46 ||    94
Armor: Leather armour    |     9 |       |       |       |       ||     9
       Scale mail        |     4 |    62 |    60 |    79 |   240 ||   445
       Chain mail        |       |       |       |       |    75 ||    75
Dodge: Dodged            |    61 |   112 |    63 |   162 |   572 ||   970
Block: Other             |       |     1 |     1 |       |       ||     2
       Shield            |       |       |    89 |   130 |   527 ||   746
       Reflection        |       |       |     2 |     1 |    17 ||    20
       Buckler           |       |       |       |    72 |   219 ||   291
